 Dungeon Crawl Stone Soup version 0.19-a0-1022-g07f772b (webtiles) character file.

231 Musica the Chucker (level 6, -1/63 HPs)
             Began as an Ogre Hunter on July 28, 2016.
             Was a Follower of Nemelex Xobeh.
             Slain by a killer bee (5 damage)
             ... on level 4 of the Dungeon.
             The game lasted 00:14:34 (2466 turns).

Musica the Chucker (Ogre Hunter)                    Turns: 2466, Time: 00:14:35

Health: -1/63      AC:  6    Str: 23    XL:     6   Next: 3%
Magic:  6/6        EV: 10    Int: 10    God:    Nemelex Xobeh [*.....]
Gold:   184        SH:  0    Dex: 12    Spells: 0 memorised, 5 levels left

rFire  . . .     SeeInvis .     s - +0 flail
rCold  . . .     Gourm    .     o - +2 robe {MR+}
rNeg   . . .     Faith    .     (no shield)
rPois  .         Spirit   .     (helmet restricted)
rElec  .         Dismiss  .     p - +0 cloak
rCorr  .         Reflect  .     (gloves unavailable)
SustAt .         Harm     .     (boots unavailable)
MR     +....                    (no amulet)
Stlth  +.........               (no ring)
                                (no ring)

@: mighty, lethally poisoned (-1 -> -30), somewhat resistant to hostile
enchantments, very unstealthy
A: unfitting armour, hooves 1, tough skin 1
a: Renounce Religion


You were on level 4 of the Dungeon.
You worshipped Nemelex Xobeh.
Nemelex Xobeh was aware of your devotion.
You were hungry.

You visited 1 branch of the dungeon, and saw 4 of its levels.

You collected 184 gold pieces.

Inventory:

Hand Weapons
 b - a +1 mace
 s - a +0 flail (weapon)
Missiles
 c - 5 large rocks (quivered)
 d - 2 throwing nets
Armour
 o - a +2 robe of magic resistance (worn)
 p - a +0 cloak (worn)
Jewellery
 e - an uncursed amulet of faith
Wands
 a - a wand of disintegration (12/24)
Scrolls
 j - 3 scrolls of identify
 k - 3 scrolls of remove curse
 q - a scroll of enchant armour {unknown}
 r - a scroll of magic mapping
 y - a scroll of recharging {unknown}
 A - a scroll of fear
 D - a scroll of blinking {unknown}
Potions
 l - a potion of degeneration {unknown}
 t - a potion of brilliance {unknown}
 u - a potion of berserk rage {unknown}
 v - a potion of flight {unknown}
 x - 4 potions of curing {unknown}
 z - 2 potions of haste {unknown}
 B - a potion of heal wounds {unknown}
Miscellaneous
 m - a plain deck of escape {drawn: 1}
 w - an ornate deck of destruction {drawn: 2}
Comestibles
 f - 6 bread rations
 g - 2 meat rations
 n - 4 fruits
 C - a chunk of flesh


   Skills:
 + Level 4.5 Fighting
 + Level 1.6 Maces & Flails
 + Level 6.0 Throwing
 - Level 1.7 Dodging
 - Level 0.7 Stealth
 * Level 1.2 Evocations


You had 5 spell levels left.
You didn't know any spells.

Dungeon Overview and Level Annotations

Branches:
Dungeon (4/15)
 Temple: D:4-7

Altars:
Nemelex Xobeh

Annotations:
D:4 Musica's ghost, amateur DDEE


Innate Abilities, Weirdness & Mutations

You are too large for most types of armour.
You have tough skin. (AC +1)
You have large cloven feet.


Message History

The killer bee poisons you! The killer bee closely misses you.
The killer bee stings you but does no damage.
* * * LOW HITPOINT WARNING * * *
You feel very sick. The killer bee closely misses you.
Unknown command.
It was a potion of mutation.
You feel extremely strange.
You feel stupid.
You feel clever.
Your feet thicken and deform.
* * * LOW HITPOINT WARNING * * *
You feel sick. The killer bee closely misses you.
Unknown command.
It was a potion of might.
You feel very mighty all of a sudden.
* * * LOW HITPOINT WARNING * * *
You feel sick. The killer bee barely misses you. The killer bee stings you.
* * * LOW HITPOINT WARNING * * *
You are more poisoned.
The killer bee poisons you! The killer bee stings you.
You die...
Your body disappears without a glow.

#.. #......Z<# #..
########..##..###
#..##.....#..# ##.#
#...#.......# #...
#.#.#...W..######....
#.#...............##W
#.##yy....######### .
#####.##yyy...#
#.......@#####......
#.........#....#####
#.....).....# ##
#....<..#..##
##########.# ..# #..#
#.#


You could see 5 killer bees and Musica's ghost.

Vanquished Creatures
  A howler monkey (D:4)
  A hound (D:4)
  A worker ant (D:4)
  A howler monkey skeleton (D:4)
  An adder (D:2)
  An ooze (D:3)
  2 worms
  2 dart slugs (D:3)
  9 orcs
  8 bats
  3 giant cockroaches
  9 goblins
  7 hobgoblins
  4 jackals (D:2)
  A quokka (D:3)
  2 ball pythons
  6 giant newts
  6 kobolds
  A quokka skeleton (D:4)
  5 rats
71 creatures vanquished.

Vanquished Creatures (others)
  An orc wizard (D:3)
  A ball lightning (D:3)
2 creatures vanquished.

Grand Total: 73 creatures vanquished

Notes
Turn   | Place    | Note
-------+----------+-------------------------------------------
     0 | D:1      | Musica the Ogre Hunter began the quest for the Orb.
     0 | D:1      | Reached XP level 1. HP: 22/22 MP: 1/1
   124 | D:1      | Reached XP level 2. HP: 8/31 MP: 2/2
   717 | D:1      | Reached XP level 3. HP: 32/37 MP: 3/3
  1179 | D:2      | Found a sparkling altar of Nemelex Xobeh.
  1195 | D:2      | Became a worshipper of Nemelex Xobeh the Trickster
  1197 | D:2      | Received a gift from Nemelex Xobeh
  1394 | D:2      | Reached skill level 5 in Throwing
  1786 | D:3      | Reached XP level 4. HP: 45/45 MP: 4/4
  1897 | D:3      | Received a gift from Nemelex Xobeh
  1940 | D:4      | Reached skill level 1 in Maces & Flails
  1951 | D:4      | Reached skill level 1 in Evocations
  1951 | D:4      | Reached XP level 5. HP: 46/54 MP: 5/5
  1964 | D:4      | Noticed Musica's ghost (amateur DDEE)
  2406 | D:4      | Reached * piety under Nemelex Xobeh
  2434 | D:4      | Reached XP level 6. HP: 47/63 MP: 6/6
  2436 | D:4      | Reached skill level 6 in Throwing
  2465 | D:4      | Gained mutation: You are dopey. (Int -2) [potion of mutation]
  2465 | D:4      | Lost mutation: You are dopey. (Int -2) [potion of mutation]
  2465 | D:4      | Gained mutation: You have large cloven feet. [potion of mutation]
  2466 | D:4      | Slain by a killer bee

Vault maps used:
D:1:      sevenhm_arrival_forest_fort_large_4, minmay_misc_feat_cross,
          minmay_pentomino_s2
D:2:      lemuel_crystal_altar, kennysheep_generic_room_2
D:3:      first_bread, roderic_nine_men_s_morris
D:4:      gammafunk_temple_overflow_wave, uniq_menkaure, uniq_duvessa

Skill      XL: |  1  2  3  4  5  6 |
---------------+-------------------+-----
Fighting       | 3 4 |  4.5
Throwing       | 5 6 |  6.0
Maces & Flails | 1 |  1.6
Evocations     | 1 |  1.2
Dodging        | |  1.7
Stealth        | |  0.7

Action                   |  1- 3 |  4- 6 || total
-------------------------+-------+-------++-------
Melee: Short sword       |    12 |       ||    12
       Club              |    76 |       ||    76
       Mace              |    51 |    13 ||    64
       Flail             |       |    96 ||    96
Throw: Large rock        |    13 |       ||    13
Evoke: Deck              |     1 |     2 ||     3
  Use: Scroll            |     7 |       ||     7
       Potion            |       |     2 ||     2
 Stab: Sleeping          |     2 |     2 ||     4
  Eat: Chunk             |     3 |     2 ||     5
Armor: Robe              |    55 |    47 ||   102
Dodge: Dodged            |    99 |    99 ||   198
